NPBL
WISCONSIN LUMBERJACKS @ IDAHO SPUDS
08/03/2098
 
TOP OF THE 1ST
Wisconsin Lumberjacks batting - Pitching for Idaho Spuds : RHP Allen Slater
Pitching: RHP Allen Slater
Batting: SHB Tony Roberts 0-0: Fly out, F7 (Flyball, 7D, EV 96.9 MPH)
Batting: RHB Raúl Cardona 0-0: Foul Ball, location: 3FF
0-1: Ball
1-1: Ball
2-1: Ground out 5-3 (Groundball, 5, EV 78.1 MPH)
Batting: RHB Alejandro Ríos 0-0: Ball
1-0: Fly out, F9 (Line Drive, 9D, EV 100.6 MPH)
Top of the 1st over - 0 runs, 0 hits, 0 errors, 0 left on base; Wisconsin 0 - Idaho 0
BOTTOM OF THE 1ST
Idaho Spuds batting - Pitching for Wisconsin Lumberjacks : LHP James Rasmussen
Pitching: LHP James Rasmussen
Batting: LHB Salvador Alcorta 0-0: Foul Ball, location: 5DF
0-1: Foul Ball, location: 7LDF
0-2: Ball
1-2: Ball
2-2: Ball
3-2: Foul Ball, location: 5SF
3-2: Strikes out swinging
Batting: LHB Mike Poe 0-0: Foul Ball, location: 2RF
0-1: Foul Ball, location: 7LMF
0-2: Ball
1-2: Strikes out swinging
Batting: RHB Christian Pugh 0-0: Foul Ball, location: 9LMF
0-1: Foul Ball, location: 2F
0-2: Hit by Pitch
Batting: RHB Armando Velásquez 0-0: Fly out, F9 (Flyball, 89M, EV 89.4 MPH)
Bottom of the 1st over - 0 runs, 0 hits, 0 errors, 1 left on base; Wisconsin 0 - Idaho 0
TOP OF THE 2ND
Wisconsin Lumberjacks batting - Pitching for Idaho Spuds : RHP Allen Slater
Batting: LHB George Flores 0-0: Foul Ball, location: 3DF
0-1: Called Strike
0-2: SINGLE (Groundball, 4MD, EV 103.8 MPH)
Batting: RHB Bráulio Ozores 0-0: Called Strike
0-1: Called Strike
0-2: Grounds into double play, 4-6-3 (Groundball, 4, EV 86.9 MPH)
Batting: RHB Rory Spencer 0-0: Called Strike
0-1: Foul Ball, location: 2F
0-2: Ball
1-2: Ball
2-2: Ground out 5-3 (Groundball, 56, EV 86.9 MPH)
Top of the 2nd over - 0 runs, 1 hit, 0 errors, 0 left on base; Wisconsin 0 - Idaho 0
BOTTOM OF THE 2ND
Idaho Spuds batting - Pitching for Wisconsin Lumberjacks : LHP James Rasmussen
Batting: RHB Jim McGowan 0-0: Ball
1-0: Ball
2-0: Called Strike
2-1: Foul Ball, location: 9LSF
2-2: Strikes out swinging, 2-3 out at first.
Batting: LHB Scott Roberts 0-0: Ball
1-0: Ball
2-0: Ball
3-0: Called Strike
3-1: Foul Ball, location: 7LSF
3-2: Foul Ball, location: 7LDF
3-2: Base on Balls
Batting: RHB Orlando Hernández 0-0: Called Strike
0-1: Ball
1-1: Ball
2-1: Foul Ball, location: 2F
2-2: 2-RUN HOME RUN (Flyball, 7D, EV 95.6 MPH), Distance : 389 ft
Batting: RHB Jeffery McCray 0-0: Ground out 6-3 (Groundball, 6, EV 100.6 MPH)
Batting: LHB Allen Slater 0-0: Ball
1-0: Ground out 5-3 (Groundball, 56S, EV 84.4 MPH)
Bottom of the 2nd over - 2 runs, 1 hit, 0 errors, 0 left on base; Wisconsin 0 - Idaho 2
TOP OF THE 3RD
Wisconsin Lumberjacks batting - Pitching for Idaho Spuds : RHP Allen Slater
Batting: RHB John Little 0-0: Called Strike
0-1: Called Strike
0-2: DOUBLE (Line Drive, 78M, EV 110.6 MPH)
Batting: SHB Joey Reeves 0-0: Ball
1-0: Swinging Strike
1-1: Swinging Strike
1-2: Strikes out looking
Batting: LHB James Rasmussen 0-0: Ball
John Little is caught stealing 3rd base 2-5
1-0: Fly out, F9 (Line Drive, 9, EV 110.6 MPH)
Top of the 3rd over - 0 runs, 1 hit, 0 errors, 0 left on base; Wisconsin 0 - Idaho 2
BOTTOM OF THE 3RD
Idaho Spuds batting - Pitching for Wisconsin Lumberjacks : LHP James Rasmussen
Batting: LHB Salvador Alcorta 0-0: Swinging Strike
0-1: DOUBLE (Line Drive, 9LM, EV 91.9 MPH)
Batting: LHB Mike Poe 0-0: Ball
1-0: Ball
2-0: SINGLE (Groundball, 4MD, EV 94.4 MPH)
Salvador Alcorta to third
Batting: RHB Christian Pugh 0-0: Foul Ball, location: 5SF
0-1: Ball
1-1: Foul Ball, location: 3F
1-2: Foul Ball, location: 2F
1-2: Fielders Choice at 2nd, 1-6 (Groundball, 34S, EV 68.8 MPH)
Batting: RHB Armando Velásquez 0-0: Ball
1-0: Ball
2-0: Swinging Strike
2-1: Foul Ball, location: 7LSF
2-2: Strikes out swinging
Batting: RHB Jim McGowan 0-0: Ball
1-0: Fielders Choice at 2nd, 6-4 (Groundball, 6, EV 108.1 MPH)
Bottom of the 3rd over - 0 runs, 2 hits, 0 errors, 2 left on base; Wisconsin 0 - Idaho 2
TOP OF THE 4TH
Wisconsin Lumberjacks batting - Pitching for Idaho Spuds : RHP Allen Slater
Batting: SHB Tony Roberts 0-0: Ball
1-0: Ball
2-0: Called Strike
2-1: Fly out, F8 (Flyball, 8LD, EV 100.0 MPH)
Batting: RHB Raúl Cardona 0-0: Ball
1-0: Ball
2-0: Ground out U3 (Groundball, 23, EV 80.0 MPH)
Batting: RHB Alejandro Ríos 0-0: Ground out U3 (Groundball, 34, EV 81.3 MPH)
Top of the 4th over - 0 runs, 0 hits, 0 errors, 0 left on base; Wisconsin 0 - Idaho 2
BOTTOM OF THE 4TH
Idaho Spuds batting - Pitching for Wisconsin Lumberjacks : LHP James Rasmussen
Batting: LHB Scott Roberts 0-0: Called Strike
0-1: Ball
1-1: Swinging Strike
1-2: Ball
2-2: Strikes out swinging
Batting: RHB Orlando Hernández 0-0: Foul Ball, location: 2F
0-1: Ball
1-1: Ball
2-1: Ball
3-1: DOUBLE (Groundball, 5L, EV 105.6 MPH)
Batting: RHB Jeffery McCray 0-0: Ball
1-0: Called Strike
1-1: Called Strike
1-2: DOUBLE (Flyball, 89D, EV 101.3 MPH)
Orlando Hernández scores
Batting: LHB Allen Slater 0-0: Foul Ball, location: 5F
0-1: Ground out 5-3 (Groundball, 56, EV 102.5 MPH)
Batting: LHB Salvador Alcorta 0-0: Ball
1-0: Ball
2-0: Ground out U3 (Groundball, 3, EV 77.5 MPH)
Bottom of the 4th over - 1 run, 2 hits, 0 errors, 1 left on base; Wisconsin 0 - Idaho 3
TOP OF THE 5TH
Wisconsin Lumberjacks batting - Pitching for Idaho Spuds : RHP Allen Slater
Batting: LHB George Flores 0-0: Ball
1-0: Foul Ball, location: 2F
1-1: Called Strike
1-2: DOUBLE (Line Drive, 8LXD, EV 110.6 MPH)
Batting: RHB Bráulio Ozores 0-0: Ball
1-0: Foul Ball, location: 2RF
1-1: Called Strike
1-2: Strikes out swinging
Batting: RHB Rory Spencer 0-0: Ball
1-0: Swinging Strike
1-1: Called Strike
1-2: Fly out, F7 (Flyball, 78D, EV 111.3 MPH)
Batting: RHB John Little 0-0: Ball
1-0: Ball
2-0: Fly out, F8 (Flyball, 89M, EV 87.5 MPH)
Top of the 5th over - 0 runs, 1 hit, 0 errors, 1 left on base; Wisconsin 0 - Idaho 3
BOTTOM OF THE 5TH
Idaho Spuds batting - Pitching for Wisconsin Lumberjacks : LHP James Rasmussen
Batting: LHB Mike Poe 0-0: SINGLE (Line Drive, 89M, EV 107.5 MPH)
Batting: RHB Christian Pugh 0-0: Called Strike
0-1: Ball
1-1: Foul Ball, location: 2F
1-2: Ball
2-2: Fly out, F7 (Flyball, 7, EV 86.3 MPH)
Batting: RHB Armando Velásquez 0-0: Called Strike
0-1: Ball
1-1: Called Strike
1-2: Ball
2-2: Ball
3-2: Strikes out swinging
Batting: RHB Jim McGowan 0-0: Ball
1-0: Fly out, F7 (Flyball, 7D, EV 85.6 MPH)
Bottom of the 5th over - 0 runs, 1 hit, 0 errors, 1 left on base; Wisconsin 0 - Idaho 3
TOP OF THE 6TH
Wisconsin Lumberjacks batting - Pitching for Idaho Spuds : RHP Allen Slater
Batting: SHB Joey Reeves 0-0: Ball
1-0: Ball
2-0: Called Strike
2-1: Swinging Strike
2-2: Fly out, F7 (Line Drive, 7S, EV 93.1 MPH)
Batting: LHB James Rasmussen 0-0: Called Strike
0-1: Ball
1-1: Swinging Strike
1-2: Strikes out swinging
Batting: SHB Tony Roberts 0-0: Called Strike
0-1: DOUBLE (Flyball, 89D, EV 104.4 MPH)
Batting: RHB Raúl Cardona 0-0: Ball
1-0: Foul Ball, location: 2F
1-1: Called Strike
1-2: Fly out, F9 (Flyball, 89S, EV 96.9 MPH)
Top of the 6th over - 0 runs, 1 hit, 0 errors, 1 left on base; Wisconsin 0 - Idaho 3
BOTTOM OF THE 6TH
Idaho Spuds batting - Pitching for Wisconsin Lumberjacks : LHP James Rasmussen
Batting: LHB Scott Roberts 0-0: Called Strike
0-1: Foul Ball, location: 2F
0-2: Strikes out swinging
Batting: RHB Orlando Hernández 0-0: Ball
1-0: Fly out, F7 (Line Drive, 7S, EV 109.4 MPH)
Batting: RHB Jeffery McCray 0-0: Swinging Strike
0-1: Fly out, F9 (Flyball, 9, EV 73.8 MPH)
Bottom of the 6th over - 0 runs, 0 hits, 0 errors, 0 left on base; Wisconsin 0 - Idaho 3
TOP OF THE 7TH
Wisconsin Lumberjacks batting - Pitching for Idaho Spuds : RHP Allen Slater
Batting: RHB Alejandro Ríos 0-0: Ball
1-0: Ball
2-0: Foul Ball, location: 2F
2-1: Ball
3-1: SOLO HOME RUN (Flyball, 89XD, EV 108.1 MPH), Distance : 416 ft
Batting: LHB George Flores 0-0: Foul Ball, location: 2F
0-1: Ball
1-1: Ball
2-1: Ground out U3 (Groundball, 3S, EV 80.0 MPH)
Batting: RHB Bráulio Ozores 0-0: Called Strike
0-1: Ball
1-1: Ball
2-1: Ball
3-1: Fly out, F7 (Flyball, 7S, EV 98.1 MPH)
Batting: RHB Rory Spencer 0-0: Ball
1-0: Called Strike
1-1: Foul Ball, location: 2F
1-2: Ball
2-2: Foul Ball, location: 23F
2-2: Fly out, F9 (Flyball, 89M, EV 91.9 MPH)
Top of the 7th over - 1 run, 1 hit, 0 errors, 0 left on base; Wisconsin 1 - Idaho 3
BOTTOM OF THE 7TH
Idaho Spuds batting - Pitching for Wisconsin Lumberjacks : LHP James Rasmussen
Batting: LHB Allen Slater 0-0: Called Strike
0-1: Foul Ball, location: 2F
0-2: Ball
1-2: Strikes out swinging
Batting: LHB Salvador Alcorta 0-0: Called Strike
0-1: Swinging Strike
0-2: SINGLE (Groundball, 6MD, EV 105.0 MPH)
Batting: LHB Mike Poe 0-0: Ball
1-0: Foul Ball, location: 2F
1-1: Called Strike
1-2: Grounds into double play, 4-6-3 (Groundball, 4, EV 83.8 MPH)
Bottom of the 7th over - 0 runs, 1 hit, 0 errors, 0 left on base; Wisconsin 1 - Idaho 3
TOP OF THE 8TH
Wisconsin Lumberjacks batting - Pitching for Idaho Spuds : RHP Allen Slater
Batting: RHB John Little 0-0: Called Strike
0-1: Ground out 6-3 (Groundball, 6, EV 85.0 MPH)
Batting: SHB Joey Reeves 0-0: Foul Ball, location: 2LF
0-1: Swinging Strike
0-2: Ground out 6-3 (Groundball, 6, EV 83.8 MPH)
Pinch Hitting: LHB Aaron Meléndez Jr. 0-0: Called Strike
0-1: Ball
1-1: Foul Ball, location: 2F
1-2: Foul Ball, location: 7LSF
1-2: Foul Ball, location: 2F
1-2: SINGLE (Groundball, 4MD, EV 105.0 MPH)
Batting: SHB Tony Roberts 0-0: Foul Ball, location: 25F
0-1: Ball
1-1: Foul Ball, location: 7LMF
1-2: Ball
2-2: Fly out, F9 (Flyball, 9D, EV 108.1 MPH)
Top of the 8th over - 0 runs, 1 hit, 0 errors, 1 left on base; Wisconsin 1 - Idaho 3
BOTTOM OF THE 8TH
Idaho Spuds batting - Pitching for Wisconsin Lumberjacks : LHP James Rasmussen
Pitching: RHP Mike Petterson
Batting: RHB Christian Pugh 0-0: Swinging Strike
0-1: Ball
1-1: Ball
2-1: Swinging Strike
2-2: Fly out, F7 (Flyball, 78D, EV 105.0 MPH)
Batting: RHB Armando Velásquez 0-0: Ball
1-0: Ground out 1-3 (Groundball, 15S, EV 64.4 MPH)
Batting: RHB Jim McGowan 0-0: Fly out, F8 (Flyball, 8RM, EV 91.9 MPH)
Bottom of the 8th over - 0 runs, 0 hits, 0 errors, 0 left on base; Wisconsin 1 - Idaho 3
TOP OF THE 9TH
Wisconsin Lumberjacks batting - Pitching for Idaho Spuds : RHP Allen Slater
Pitching: RHP Tomás García
Now at 2B: Rich Fisher
Now in LF: Salvador Alcorta
Now in CF: Cai-fei Tze
Now in RF: Richard Lenz
Batting: RHB Raúl Cardona 0-0: Called Strike
0-1: Ground out 6-3 (Groundball, 6, EV 84.4 MPH)
Batting: RHB Alejandro Ríos 0-0: Called Strike
0-1: Ball
1-1: Called Strike
1-2: Fly out, F9 (Flyball, 89D, EV 86.3 MPH)
Batting: LHB George Flores 0-0: Foul Ball, location: 3F
0-1: Ball
1-1: Ground out 4-3 (Groundball, 4S, EV 66.9 MPH)
Top of the 9th over - 0 runs, 0 hits, 0 errors, 0 left on base; Wisconsin 1 - Idaho 3
Wednesday, May 15th , 2024 - OOTP Baseball 24.6 Build 69